 Dungeon Crawl Stone Soup version 0.17-a0-2093-gc772f4b (webtiles) character file.

2853 brucemayne the Cleaver (level 9, -3/79 HPs)
             Began as a Hill Orc Berserker on Oct 16, 2015.
             Was a Priest of Trog.
             Shot with a bolt by an orc warrior (8 damage)
             ... in a bailey.
             The game lasted 00:12:29 (2047 turns).

brucemayne the Cleaver (Hill Orc Berserker)         Turns: 2047, Time: 00:12:29

Health: -3/79      AC: 19    Str: 21    XL:     9   Next: 75%
Magic:  9/9        EV: 12    Int:  9    God:    Trog [***...]
Gold:   180        SH:  0    Dex: 15    Spells: 0 memorised, 8 levels left

rFire  . . .     SeeInvis .     w - +0 war axe
rCold  . . .     Clarity  +     N - +0 plate armour
rNeg   . . .     SustAt   .     (no shield)
rPois  .         Gourm    .     i - +2 hat
rElec  .         Spirit   .     (no cloak)
rCorr  .         Warding  .     s - +2 pair of gloves
rMut   .         Stasis   .     (no boots)
MR     .....                    A - amulet of clarity
Stlth  ..........               (no ring)
                                n - +2 ring of protection

@: agile, exhausted, slowed, studying Shields, very slow, not resistant to
hostile enchantments, extremely unstealthy
A: no striking features
a: Burn Spellbooks, Berserk, Trog's Hand, Renounce Religion


You were in a bailey.
You worshipped Trog.
Trog was most pleased with you.
You were near starving.

You visited 1 branch of the dungeon, and saw 9 of its levels.
You also visited: Bailey.

You collected 180 gold pieces.

Inventory:

Hand Weapons
 a - a +0 hand axe
 l - a +2 whip of electrocution
 w - a +0 war axe (weapon)
 P - a cursed -2 halberd
Missiles
 e - 16 poisoned needles
 B - a throwing net (quivered)
Armour
 b - a +0 animal skin
 i - a +2 hat (worn)
 j - a +0 scale mail
 r - a +0 helmet
 s - a +2 pair of gloves (worn)
 u - a +0 helmet
 K - a +0 buckler
 N - a +0 plate armour (worn)
 O - the +0 leather armour of Surprise {rF+ Str+6, unknown}
   (You found it on level 9 of the Dungeon)

   It affects your strength (+6).
   It protects you from fire.
Jewellery
 n - a +2 ring of protection (left hand)
 A - an amulet of clarity (around neck)
Wands
 o - a wand of digging (14)
 v - a wand of digging (16)
 D - a wand of fire (10)
 G - a wand of random effects (22)
Scrolls
 c - a scroll of enchant weapon {unknown}
 h - a scroll of identify
 m - 4 scrolls of remove curse
 q - a scroll of teleportation
 z - a scroll of fog
 C - a scroll of noise {unknown}
 F - a scroll of recharging {unknown}
 J - a scroll of magic mapping {unknown}
 M - a scroll of amnesia {unknown}
Potions
 d - 2 potions of haste {unknown}
 g - a potion of heal wounds {unknown}
 p - 2 potions of lignification
 t - a potion of curing
 x - 2 potions of magic {unknown}
 E - a potion of ambrosia {unknown}
 H - a potion of flight {unknown}
 I - a potion of might {unknown}
Books
 f - a manual of Shields
 y - a book of the Dragon

   Spells                             Type                      Level
   a - Flame Tongue                   Conjuration/Fire             1
   b - Cause Fear                     Hexes                        4
   c - Bolt of Fire                   Conjuration/Fire             6
   d - Dragon Form                    Transmutation                7
   e - Dragon's Call                  Summoning                    9
   Trog disapproves of the use of such an item.
Comestibles
 k - 2 meat rations


   Skills:
 + Level 7.1 Fighting
 - Level 14.1 Axes
 + Level 6.0 Armour
 - Level 1.5 Dodging


You had 8 spell levels left.
You didn't know any spells.

Dungeon Overview and Level Annotations

Branches:
Dungeon (9/15)               Lair (0/8) D:8
 Temple: D:4-7          Orc: D:9-12

Altars:
Ashenzari
Cheibriados
Makhleb
Sif Muna
Trog
Xom


Message History

Unknown command.
Unknown command.
Drink which item? (? for menu, Esc to quit)
You feel better.
The orc shoots a bolt.
The bolt hits you.
* * * LOW HITPOINT WARNING * * *
The orc warrior hits you but does no damage.
The orc warrior hits you from afar with a glaive!
* * * LOW HITPOINT WARNING * * *
Unknown command.
Your surroundings suddenly seem different.
You are near starving!
An orc comes into view. It is wielding an arbalest.
The orc shouts!
An orc comes into view. It is wielding an arbalest.
The orc shouts!
An orc warrior comes into view. It is wielding an arbalest.
The orc warrior shouts!
The orc shouts!
The orc unwields an uncursed arbalest.
The orc hits you but does no damage.
The orc warrior shoots a bolt.
The bolt hits you!
You die...

...... . .....
.. .... ... ...
.... ≈≈ ..... .#
.
.....≈##o##≈...
.....≈o@^.o≈o..
.....≈##o##≈...
..... .# . ....
≈≈ ######### ...
... ##.....oo#
.. ....
##..#+#+#oo .
.....#..## ##.
....##o#########
#.+ #:.}# +


You could see an orc warrior and 4 orcs.

Vanquished Creatures
  An orc knight (Bailey)
  A komodo dragon (D:8)
  A two-headed ogre (D:8)
  The ghost of radek the Conjurer, an amateur DECj (D:4)
  2 ice beasts
  A water moccasin (D:8)
  2 orc warriors
  A necrophage (D:5)
  A phantom (D:8)
  A centaur (D:8)
  Blork the orc (D:4)
  2 gnoll sergeants (D:8)
  2 giant frogs
  A scorpion (D:4)
  A crimson imp (D:8)
  2 quasits
  3 hounds
  2 orc priests
  3 worker ants
  2 orc wizards (D:9)
  An iguana (D:8)
  A killer bee zombie (D:8)
  A hound zombie (D:8)
  Robin (D:4)
  9 gnolls
  9 adders
  A shadow imp (D:8)
  An ooze (D:2)
  An adder zombie (D:5)
  A worm (D:3)
  25 orcs
  A ball python (D:1)
  A bat (D:3)
  11 goblins
  3 hobgoblins (D:4)
  6 jackals
  2 quokkas
  A giant cockroach (D:2)
  3 giant newts
  A jackal skeleton (D:3)
  2 rats
113 creatures vanquished.

Vanquished Creatures (others)
  3 plants (D:8)
3 creatures vanquished.

Grand Total: 116 creatures vanquished

Notes
Turn   | Place    | Note
--------------------------------------------------------------
     0 | D:1      | brucemayne the Hill Orc Berserker began the quest for the Orb.
     0 | D:1      | Reached XP level 1. HP: 19/19 MP: 1/1
    98 | D:2      | Reached XP level 2. HP: 15/26 MP: 2/2
   171 | D:3      | Reached skill level 5 in Axes
   179 | D:3      | Reached XP level 3. HP: 31/31 MP: 3/3
   233 | D:3      | Reached skill level 6 in Axes
   397 | D:2      | Reached ** piety under Trog
   404 | D:2      | Reached XP level 4. HP: 15/39 MP: 4/4
   519 | D:4      | Found a snail-covered altar of Cheibriados.
   527 | D:4      | Reached skill level 7 in Axes
   528 | D:4      | Noticed Robin
   544 | D:4      | Killed Robin
   544 | D:4      | Reached XP level 5. HP: 33/45 MP: 5/5
   546 | D:4      | Noticed radek's ghost (amateur DECj)
   614 | D:4      | Killed radek's ghost
   614 | D:4      | Reached skill level 8 in Axes
   614 | D:4      | Reached XP level 6. HP: 51/51 MP: 6/6
   661 | D:4      | Noticed a phantom
   664 | D:5      | Entered Level 5 of the Dungeon
   756 | D:5      | Found a burning altar of Makhleb.
   798 | D:5      | Reached skill level 9 in Axes
   873 | D:4      | Noticed Blork the orc
   885 | D:4      | Killed Blork the orc
   885 | D:4      | Reached skill level 10 in Axes
   885 | D:4      | Reached XP level 7. HP: 57/57 MP: 7/7
   948 | D:6      | Found a shimmering altar of Xom.
   959 | D:6      | Found a deep blue altar of Sif Muna.
  1075 | D:7      | Found a shattered altar of Ashenzari.
  1082 | D:7      | Reached skill level 11 in Axes
  1183 | D:8      | Reached XP level 8. HP: 64/64 MP: 8/8
  1211 | D:8      | Reached skill level 12 in Axes
  1262 | D:7      | Found a bloodstained altar of Trog.
  1289 | D:7      | Reached *** piety under Trog
  1344 | D:8      | Noticed a two-headed ogre
  1351 | D:8      | Killed a two-headed ogre
  1351 | D:8      | Reached skill level 13 in Axes
  1509 | D:8      | Reached skill level 14 in Axes
  1527 | D:8      | Found a staircase to the Lair.
  1528 | D:8      | Noticed a komodo dragon
  1546 | D:8      | Killed a komodo dragon
  1546 | D:8      | Reached XP level 9. HP: 45/72 MP: 9/9
  1666 | D:8      | Reached skill level 5 in Fighting
  1817 | D:9      | Got a distressingly furry leather armour
  1868 | D:9      | Found a flagged portal.
  1935 | Bailey   | Entered a bailey
  2002 | Bailey   | Noticed an orc knight
  2029 | Bailey   | Reached skill level 5 in Armour
  2042 | Bailey   | Killed an orc knight
  2047 | Bailey   | Shot with a bolt by an orc warrior

Vault maps used:
D:1:      grunt_arrival_lava_bath, minmay_misc_feat_plants
D:2:      lemuel_zombie_altar_yredelemnul
D:3:      fiery_altar_vehumet, first_bread
D:4:      black_bear_nest_2, nicolae_overflow_crystal_walls, uniq_blork_the_orc,
          uniq_robin
D:5:      nemelex_xobeh_ov_fountains_minmay, overflow_temple_1_default,
          tgw_kikubaaqudgha, uniq_duvessa
D:6:      gammafunk_temple_overflow_statue, minmay_temple_entry_fiery,
          kennysheep_generic_room_14
D:7:      fedhas_bush_and_centaur_altar, ashenzari_conservatory_becter,
          kennysheep_little_box, elyvilon_altar_4, lemuel_round_altar
D:8:      david_lair_shrubbed, uniq_erica
D:9:      enter_bailey_2
Bailey:   bailey_polearm_2, bailey

Action                   |  1- 3 |  4- 6 |  7- 9 || total
-------------------------+-------+-------+-------++-------
Melee: Hand axe          |    70 |    63 |       ||   133
       Whip              |    10 |    17 |       ||    27
       War axe           |       |    35 |   270 ||   305
Invok: Berserk           |     1 |     4 |     6 ||    11
       Trog's Hand       |       |     3 |     4 ||     7
  Use: Scroll            |       |     1 |     5 ||     6
       Potion            |       |     1 |     2 ||     3
  Eat: Chunk             |       |     1 |     6 ||     7
       Bread ration      |       |     1 |       ||     1
       Royal jelly       |       |       |     2 ||     2
